 Dungeon Crawl Stone Soup version 0.30-a0-722-g3e6e8c874d (webtiles) character file.

Game seed: 11795809420179638017

293 kbot the Chopper (level 6, -6/53 HPs)
             Began as a Minotaur Fighter on Jan 27, 2023.
             Was an Initiate of Ru.
             Killed by nerve-wracking pain
             ... invoked by an orc priest
              (10 damage)
             ... on level 3 of the Dungeon.
             The game lasted 00:20:43 (2435 turns).

kbot the Chopper (Minotaur Fighter)                 Turns: 2435, Time: 00:20:44

Health: -6/53      AC:  7    Str: 23    XL:     6   Next: 11%
Magic:  5/5        EV:  9    Int:  5    God:    Ru [......]
Gold:   164        SH:  9    Dex:  9    Spells: 5/5 levels left

rFire   + . .      SeeInvis .    a - +1 war axe
rCold   . . .      Faith    .    c - +0 buckler
rNeg    . . .      Spirit   .    b - +0 scale mail
rPois   .          Reflect  +    (helmet restricted)
rElec   .          Harm     .    (no cloak)
rCorr   .          Rampage  .    (no gloves)
Will    .....                    (no boots) Stlth
                                 i - amulet of reflection
HPRegen 0.28/turn                g - ring "Ytieplip" {rF+ Slay+4}
MPRegen 0.09/turn                (no ring)

@: invisible
A: horns 2, retaliatory headbutt
a: Renounce Religion, Sacrifice Experience, Sacrifice Nimbleness, Sacrifice
Skill, Reject Sacrifices


You were on level 3 of the Dungeon.
You worshipped Ru.
Ru was noncommittal.
You visited 1 branch of the dungeon, and saw 3 of its levels.

You collected 164 gold pieces.

Inventory:

Hand Weapons
 a - a +1 war axe (weapon)
Armour
 b - a +0 scale mail (worn)
 c - a +0 buckler (worn)
Jewellery
 g - the ring "Ytieplip" (left hand) {rF+ Slay+4}
   (You acquired it on level 2 of the Dungeon)

   [ring of slaying]

   Slay:      It affects your accuracy & damage with ranged weapons and melee
   (+4).
   rF:        It protects you from fire.
 i - an amulet of reflection (around neck)
Scrolls
 f - a scroll of enchant weapon
Potions
 d - 2 potions of might
 e - a potion of berserk rage {unknown}
 h - a potion of haste {unknown}
 j - a potion of brilliance {unknown}
 k - a potion of curing {unknown}
 l - 2 potions of degeneration
 m - 2 potions of invisibility
 n - a potion of magic {unknown}


   Skills:
 + Level 4.7 Fighting
 + Level 5.2 Axes
 + Level 5.1 Armour
 + Level 1.0 Dodging
 + Level 0.5 Stealth
 + Level 4.4 Shields


You had 5 spell levels left.
You didn't know any spells.
Your spell library was empty.

Dungeon Overview and Level Annotations

Branches:
Dungeon (3/15)

Altars:
Ru

Shops:
D:1 ?


Innate Abilities, Weirdness & Mutations

You have a pair of horns on your head.
You reflexively headbutt those who attack you in melee.


Message History

An orc comes into view. It is wielding a +0 hand axe.
The orc hits you but does no damage. The orc barely misses you.
The orc priest hits you but does no damage.
The orc priest looks encouraged for a moment.
The orc priest hits you but does no damage.
The orc priest completely misses you. The orc hits you but does no damage.
There is a stone staircase leading down here.
The orc priest hits you but does no damage.
The orc hits you but does no damage.
The orc priest attacks as you move away!
You block the orc priest's attack.
The orc priest hits you but does no damage.
The orc priest attacks as you move away!
The orc priest hits you but does no damage.
The orc priest attacks as you move away!
You block the orc priest's attack.
The orc priest calls down the wrath of Beogh upon you.
Beogh smites you!
The orc priest hits you with a +0 dagger.
The orc priest miscasts a cantrip.
The orc priest calls down the wrath of Beogh upon you.
Beogh smites you!
The orc priest attacks as you move away!
You block the orc priest's attack.
The orc priest calls down the wrath of Beogh upon you.
Beogh smites you!
* * * LOW HITPOINT WARNING * * *
You block the orc priest's attack.
Okay, then.
It was a potion of invisibility.
You fade into invisibility!
The orc priest mumbles some strange prayers to Beogh against you.
Pain shoots through your body!
* * * LOW HITPOINT WARNING * * *
The orc priest mumbles some strange prayers to Beogh against the orc priest.
The orc priest writhes in agony!
The orc priest dies!
The orc priest calls down the wrath of Beogh upon you.
Pain shoots through your body!
You die...

##........#######
##.)....(.#
##........#
#...##..#.######
#...##..#......#
#...##..######.###
#...##..# #.....#
#...##..# #.#.#†#
#...<...# #.#.#@#
#######.# # #.#.#
# #.#.# .#####
..#.# .....# #
###.# .....# .#
#o# .....##.# #o#
........ #)#
#...##########o#


You could see an orc priest (unable to see you) and an orc (unable to see you).

Vanquished Creatures
  The ghost of Dittersdorf the Covered, a weakling GrFi (D:3)
  A bullfrog zombie (D:3)
  A bullfrog skeleton (D:3)
  A centaur skeleton (D:3)
  Terence (D:2)
  2 orc wizards (D:3)
  An adder (D:3)
  3 worms
  2 dart slugs (D:2)
  2 orcs (D:3)
  A bat skeleton (D:3)
  3 bat zombies (D:3)
  4 endoplasms
  3 giant cockroaches
  5 goblins
  4 hobgoblins
  4 jackals (D:2)
  2 quokkas (D:1)
  4 ball pythons
  6 bats
  A frilled lizard (D:1)
  4 kobolds
56 creatures vanquished.

Vanquished Creatures (others)
  An orc priest (D:3)
1 creature vanquished.

Grand Total: 57 creatures vanquished

Notes
Turn   | Place    | Note
-------+----------+-------------------------------------------
     0 | D:1      | kbot the Minotaur Fighter began the quest for the Orb.
     0 | D:1      | Reached XP level 1. HP: 19/19 MP: 0/0
   336 | D:1      | Reached XP level 2. HP: 25/27 MP: 1/1
   489 | D:1      | Found Gaowkap's Magic Scroll Emporium.
   631 | D:2      | Identified a scroll of acquirement
   631 | D:2      | Acquired the ring "Ytieplip" {rF+ Slay+4}
   648 | D:2      | Found a sacrificial altar of Ru.
   668 | D:2      | Became a worshipper of Ru the Awakened
   985 | D:2      | Reached XP level 3. HP: 33/33 MP: 2/2
  1355 | D:2      | Noticed Terence
  1363 | D:2      | Killed Terence
  1364 | D:2      | Reached XP level 4. HP: 29/40 MP: 3/3
  1916 | D:3      | Reached XP level 5. HP: 46/47 MP: 4/4
  2098 | D:3      | Found a runed translucent gate.
  2098 | D:3      | Found a runed translucent gate.
  2098 | D:3      | Found a runed translucent gate.
  2099 | D:3      | Noticed Dittersdorf's ghost (weakling GrFi)
  2117 | D:3      | Reached skill level 1 in Dodging
  2121 | D:3      | Reached skill level 5 in Armour
  2122 | D:3      | Killed Dittersdorf's ghost
  2123 | D:3      | Reached skill level 5 in Axes
  2123 | D:3      | Reached XP level 6. HP: 38/53 MP: 5/5
  2425 | D:3      | HP: 1/53 [orc priest/nerve-wracking pain (4)]
  2435 | D:3      | Killed from afar by an orc priest

Illustrated notes

Levels and vault maps discovered:
D:1:      psy_arrival_basics, layout_rooms, serial_shops, shop
D:2:      layout_loops_corners, basic_altar, uniq_terence
D:3:      layout_basic, nemelex_diamond_rough_becter,
          nicolae_overflow_ecumenical_swirl, kennysheep_vampire_church,
          gammafunk_ghost_necromancy, reono_crystal_passage

Skill      XL: |  1  2  3  4  5 |
---------------+----------------+-----
Armour         | 4 5 |  5.1
Fighting       | 4 |  4.7
Axes           | 3 4 5 |  5.2
Shields        | 4 |  4.4
Dodging        | 1 |  1.0
Stealth        | |  0.5

Action                     |  1- 3 |  4- 6 || total
---------------------------+-------+-------++-------
  Melee: War axe           |    60 |    37 ||    97
         Headbutt          |     8 |     3 ||    11
    Use: Scroll            |     7 |     2 ||     9
         Potion            |       |     1 ||     1
 Armour: Scale mail        |    31 |    34 ||    65
  Dodge: Dodged            |    43 |    21 ||    64
  Block: Buckler           |    25 |    33 ||    58
         Reflection        |       |     1 ||     1

Table legend: (Time is in decaauts)
 A = Elapsed time spent in this place.
 B = Non-inter-level travel time spent in this place.
 C = Inter-level travel time spent in this place.
 D = Time resting spent in this place.
 E = Time spent auto-exploring this place.
 F = Levels seen in this place.
 G = Mean time per level.
                   A        B        C        D        E       F      G
               +--------+--------+--------+--------+--------+-----+--------+
         Total |   2470 |   2467 |      3 |    100 |      0 |   3 |  823.3 |
       Dungeon |   2470 |   2467 |      3 |    100 |      0 |   3 |  823.3 |
               +--------+--------+--------+--------+--------+-----+--------+

Top non-repeatable levels by time:
     D:2: 1069 daAuts
     D:3: 856 daAuts
     D:1: 543 daAuts
